 Dungeon Crawl Stone Soup version 0.17.0-28-g6e173f8 (webtiles) character file.

195 root the Covered (level 5, 0/47 HPs)
             Began as a Minotaur Fighter on Nov 30, 2015.
             Killed from afar by an orc wizard (6 damage)
             ... with a puff of flame
             ... on level 3 of the Dungeon.
             The game lasted 00:06:41 (1658 turns).

root the Covered (Minotaur Fighter)                 Turns: 1658, Time: 00:06:41

Health: 0/47       AC:  7    Str: 26    XL:     5   Next: 45%
Magic:  4/4        EV:  8    Int:  5    God:
Gold:   78         SH: 10    Dex: 10    Spells: 0 memorised, 4 levels left

rFire  . . .     SeeInvis .     a - +0 long sword
rCold  . . .     Clarity  .     b - +0 scale mail
rNeg   . . .     SustAt   .     c - +0 shield
rPois  .         Gourm    .     (helmet restricted)
rElec  .         Spirit   .     (no cloak)
rCorr  .         Warding  .     (no gloves)
rMut   .         Stasis   .     (no boots)
MR     .....                    (no amulet)
Stlth  ..........               (no ring)
                                (no ring)

@: mighty, not resistant to hostile enchantments, extremely unstealthy
A: retaliatory headbutt, horns 2
a: no special abilities


You were on level 3 of the Dungeon.
You were hungry.

You visited 1 branch of the dungeon, and saw 3 of its levels.

You collected 78 gold pieces.

Inventory:

Hand Weapons
 a - a +0 long sword (weapon)
Armour
 b - a +0 scale mail (worn)
 c - a +0 shield (worn)
Scrolls
 f - 2 scrolls of identify
 h - 2 scrolls of remove curse
 i - a scroll of enchant weapon {unknown}
 k - a scroll of blinking {unknown}
 l - 3 scrolls of magic mapping {unknown}
 n - a scroll of fog {unknown}
 o - a scroll of enchant armour {unknown}
 q - a scroll of random uselessness {unknown}
Potions
 g - a potion of heal wounds {unknown}
 j - a potion of curing {unknown}
 m - a potion of haste {unknown}
 p - 2 potions of degeneration
Comestibles
 e - 4 bread rations
 r - 3 chunks of flesh


   Skills:
 + Level 4.6 Fighting
 + Level 3.8 Long Blades
 + Level 4.6 Armour
 + Level 4.6 Shields
 + Level 2.3 Unarmed Combat


You had 4 spell levels left.
You didn't know any spells.

Dungeon Overview and Level Annotations

Branches:
Dungeon (3/15)

Altars:
Ashenzari
Kikubaaqudgha
Nemelex Xobeh
Sif Muna


Innate Abilities, Weirdness & Mutations

You reflexively headbutt those who attack you in melee.
You have a pair of horns on your head.


Message History

Root's ghost is almost destroyed.
You block root's ghost's attack.
You barely miss root's ghost.
Root's ghost is almost destroyed.
Root's ghost hits you but does no damage.
You closely miss root's ghost.
Root's ghost is almost destroyed.
You block root's ghost's attack.
Root's ghost hits you but does no damage.
You slash root's ghost!
You destroy root's ghost!
Your Unarmed Combat skill increases to level 2!
You have reached level 5!
The orc barely misses you.
You are feeling hungry.
You see here a dagger.
You hear some strange, mumbled words.
A puff of flame appears from out of thin air!
The puff of flame hits you!
You die...

# #. ..#. .#.
.. # #. #
##.#.####.#
##.........####
... #@.###....
#. ##.....#
#..#..†...#
#....##.$# #.
##.#.##.....
#.. #.#.#.# #.#
#.. #....# #
#.# ###.#.# #.#
#.##.# #.#


There were no monsters in sight!

Vanquished Creatures
  The ghost of root the Firebug, an amateur DrFE of Qazlal (D:3)
  An adder (D:2)
  An ooze (D:2)
  2 worms (D:2)
  6 giant geckos
  3 orcs
  10 bats
  4 goblins
  2 hobgoblins
  3 quokkas
  A ball python (D:2)
  3 giant cockroaches
  A giant newt (D:2)
  6 kobolds
  6 rats
50 creatures vanquished.

Notes
Turn   | Place    | Note
--------------------------------------------------------------
     0 | D:1      | root the Minotaur Fighter began the quest for the Orb.
     0 | D:1      | Reached XP level 1. HP: 19/19 MP: 0/0
   201 | D:1      | Reached XP level 2. HP: 27/27 MP: 1/1
   997 | D:2      | Reached skill level 4 in Shields
   997 | D:2      | Reached skill level 1 in Unarmed Combat
   997 | D:2      | Reached XP level 3. HP: 31/33 MP: 2/2
  1083 | D:2      | Found an ancient bone altar of Kikubaaqudgha.
  1085 | D:2      | Found a shattered altar of Ashenzari.
  1088 | D:2      | Found a deep blue altar of Sif Muna.
  1190 | D:2      | Found a sparkling altar of Nemelex Xobeh.
  1609 | D:3      | Noticed root's ghost (amateur DrFE)
  1613 | D:3      | Reached XP level 4. HP: 38/40 MP: 3/3
  1629 | D:3      | HP: 2/40 [root's ghost/flame tongue (9)]
  1633 | D:3      | Killed root's ghost
  1633 | D:3      | Reached XP level 5. HP: 2/47 MP: 4/4
  1658 | D:3      | Killed from afar by an orc wizard

Action                   |  1- 3 |  4- 6 || total
-------------------------+-------+-------++-------
Melee: Long sword        |   102 |    19 ||   121
  Use: Scroll            |     2 |       ||     2
       Potion            |       |     1 ||     1
  Eat: Chunk             |     2 |       ||     2
